 Dungeon Crawl Stone Soup version 0.30-a0-711-gf4ac18a38d (webtiles) character file.

Game seed: 801827632173050026

37 drugrobin the Sneak (level 3, 0/30 HPs)
             Began as a Demigod Delver on Jan 22, 2023.
             Slain by a gnoll
             ... wielding a +0 flail
              (9 damage)
             ... on level 2 of the Dungeon.
             The game lasted 00:03:03 (1356 turns).

drugrobin the Sneak (Demigod Delver)                Turns: 1356, Time: 00:03:04

Health: 0/30       AC:  3    Str: 13    XL:     3   Next: 8%
Magic:  5/5        EV: 12    Int: 12    God:
Gold:   57         SH:  0    Dex: 19    Spells: 2/2 levels left

rFire   . . .      SeeInvis .    c - +0 dagger (venom)
rCold   . . .      Faith    .    (no shield)
rNeg    . . .      Spirit   .    a - +0 leather armour
rPois   .          Reflect  .    (no helmet)
rElec   .          Harm     .    (no cloak)
rCorr   .          Rampage  .    (no gloves)
Will    .....                    (no boots)
Stlth   +++                      (no amulet)
HPRegen 0.25/turn                (no ring)
MPRegen 0.09/turn                (no ring)

@: no status effects
A: high MP 1, forlorn, divine attributes
a: no special abilities


You were on level 2 of the Dungeon.
You visited 1 branch of the dungeon, and saw 5 of its levels.

You collected 76 gold pieces.
You spent 19 gold pieces at shops.

Inventory:

Hand Weapons
 b - a +0 sling
 c - a +0 dagger of venom (weapon)
Missiles
 g - 3 poisoned darts (quivered)
Armour
 a - a +0 leather armour (worn)
Jewellery
 m - a +6 ring of dexterity
Wands
 f - a wand of digging (3)
Scrolls
 d - 2 scrolls of fear
 i - 2 scrolls of fog
 j - a scroll of poison {unknown}
 k - a scroll of acquirement {unknown}
 l - 2 scrolls of magic mapping
 n - a scroll of amnesia {unknown}
 p - a scroll of vulnerability {unknown}
Potions
 e - a potion of haste
 h - a potion of might {unknown}
 o - a potion of berserk rage {unknown}


   Skills:
 - Level 2.6 Fighting
 - Level 1.7 Dodging
 - Level 4.5 Stealth
 + Level 3.4 Unarmed Combat


You had 2 spell levels left.
You didn't know any spells.
Your spell library contained the following spells:

 Spells                   Type           Power      Damage    Failure   Level
 Inner Flame              Hex/Fire       0%         N/A       77%         3
 Flame Wave               Conj/Fire      0%         2d4       99%         4
 Sticky Flame             Conj/Fire      0%         2d3       99%         4


Dungeon Overview and Level Annotations

Branches:
Dungeon (5/15)
 Temple: D:4-7

Shops:
D:1 (


Innate Abilities, Weirdness & Mutations

You have an increased reservoir of magic. (+10% MP)
You shall have no god before yourself.
Your divine heritage dramatically boosts your attributes as you level up.


Message History

The jackal bites you but does no damage.
You hit the jackal but do no damage.
The jackal is poisoned.
The jackal bites you but does no damage.
You barely miss the jackal.
The jackal is lightly wounded.
The jackal misses you. The jackal closely misses you.
You closely miss the jackal.
The jackal is lightly wounded.
The jackal bites you but does no damage.
You hit the jackal but do no damage.
The jackal looks even sicker.
The jackal is moderately wounded.
The jackal bites you.
The jackal bites you but does no damage.
You barely miss the jackal.
The jackal is almost dead.
You kill the jackal!
You see here a jackal corpse. 4 gnolls come into view.
The gnoll shouts! x4
There are monsters nearby!
Unknown command.
Unknown command.
You hit the gnoll.
The gnoll is poisoned.
The gnoll is lightly wounded.
The gnoll hits you with a +0 flail!
The gnoll hits you from afar with a +0 halberd!
Okay, then.
Okay, then.
Throw: 3 darts (poison)
Press: ? - help, Shift-Dir - straight line, f - gnoll
Aim: a gnoll, wielding a +0 flail (lightly wounded, poisoned, 65% to hit)
Okay, then.
Unknown command.
You hit the gnoll.
The gnoll is moderately wounded.
The gnoll hits you with a +0 flail.
* * * LOW HITPOINT WARNING * * *
Unknown command.
The gnoll attacks as you move away! The gnoll hits you with a +0 flail!
You die...

#######
#g....#
#.##.## #.
#g# #g #.#
#. #g# .g
#g# ######
## #@#
#<...#
####.#
####.#
#....# #.#
#.####
####.###.#
#....#...#
#.####†###
#.# #.#
#.# #.#


You could see 3 gnolls.

Vanquished Creatures
  4 bats
  2 endoplasms (D:1)
  3 giant cockroaches (D:1)
  3 goblins
  4 hobgoblins (D:1)
  3 jackals (D:2)
  3 kobolds
  3 quokkas (D:1)
  A frilled lizard (D:1)
  5 rats (D:1)
31 creatures vanquished.

Notes
Turn   | Place    | Note
-------+----------+-------------------------------------------
     0 | D:5      | drugrobin the Demigod Delver began the quest for the Orb.
     0 | D:5      | Reached XP level 1. HP: 18/18 MP: 3/3
    36 | D:4      | Noticed a hound
   149 | D:1      | Found Ladghuigo's Weapon Shoppe.
   161 | D:1      | Bought a +0 sling for 19 gold pieces
   256 | D:1      | Reached XP level 2. HP: 16/25 MP: 4/4
  1303 | D:2      | Reached XP level 3. HP: 30/30 MP: 5/5
  1356 | D:2      | Slain by a gnoll

Illustrated notes

Levels and vault maps discovered:
D:1:      dpeg_arrival_houses_and_road, layout_basic, serial_shops,
          nicolae_shop_bloodbath_and_beyond, minmay_crystal_water,
          amcnicky_mini_pool_small
D:2:      layout_basic, chequers_serial_rivers_micro_c, uniq_terence,
          uniq_crazy_yiuf_cottage
D:3:      layout_loops_cross, mainiacjoe_overflow_large_starburst,
          dreamdust_ecumenical_altar_drowned_temple,
          nicolae_concentric_dashed_squares_wild
D:4:      layout_basic, temple_green
D:5:      layout_basic

Skill      XL: |  1  2 |
---------------+-------+-----
Unarmed Combat | 2 3 |  3.4
Fighting       | |  2.6
Dodging        | |  1.7
Stealth        | |  4.5

Action                     || total
---------------------------++-------
  Melee: Unarmed           ||    37
         Punch             ||     2
         Dagger            ||    27
   Fire: Sling             ||    28
  Throw: Dart              ||     1
   Stab: Sleeping          ||     8
         Distracted        ||     1
 Armour: Leather armour    ||    13
  Dodge: Dodged            ||    25

Table legend: (Time is in decaauts)
 A = Elapsed time spent in this place.
 B = Non-inter-level travel time spent in this place.
 C = Inter-level travel time spent in this place.
 D = Time resting spent in this place.
 E = Time spent auto-exploring this place.
 F = Levels seen in this place.
 G = Mean time per level.
                   A        B        C        D        E       F      G
               +--------+--------+--------+--------+--------+-----+--------+
         Total |   1358 |   1339 |     19 |      0 |    984 |   5 |  271.6 |
       Dungeon |   1358 |   1339 |     19 |      0 |    984 |   5 |  271.6 |
               +--------+--------+--------+--------+--------+-----+--------+

Top non-repeatable levels by time:
     D:1: 1181 daAuts
     D:2: 101 daAuts
     D:4: 39 daAuts
     D:5: 32 daAuts
     D:3: 3 daAuts
